[Event "January 2 Late 2024"]
[Site "https://www.chess.com"]
[Date "2024.01.02"]
[Round "8"]
[White "Carrillo Marval, Maria Angelica"]
[Black "Anna20240"]
[Result "1-0"]
[Board "166"]
[TimeControl "180+1"]
[WhiteFideId "3911853"]
[WhiteElo "2071"]
[BlackElo "1915"]
[WhiteTeam "PAN"]
[WhiteClock "0:00:15"]
[BlackClock "0:00:15"]

1. e4 c6 2. d4 d5 3. Nc3 dxe4 4. Nxe4 Bf5 5. Ng3 Bg6 6. Nf3 Nd7 7. h4 h6 8. h5 Bh7 9. Bd3 Ngf6 10. Bxh7 Nxh7 11. Bf4 Nhf6 12. Ne5 e6 13. Qd2 Nxe5 14. Bxe5 Nd5 15. Ne2 f6 16. Bg3 Bd6 17. Bxd6 Qxd6 18. Nc3 O-O-O 19. O-O-O Nxc3 20. Qxc3 Kb8 21. Kb1 Qc7 22. Rhe1 Rhe8 23. Qh3 Rd6 24. c3 Qd7 25. Qg3 e5 26. Kc1 Rd8 27. Re2 exd4 28. Rxd4 Kc8 29. Red2 Rxd4 30. Rxd4 Qc7 31. Qg4+ Rd7 32. Kc2 Kd8 33. Rxd7+ Qxd7 34. Qxd7+ Kxd7 35. Kd3 Kd6 36. Kd4 b5 37. b4 f5 38. f4 a6 39. g3 a5 40. a3 a4 41. c4 bxc4 42. Kxc4 Ke6 43. Kc5 Kd7 44. Kc4 Kd6 45. Kd4 Ke6 46. Kc5 Kd7 47. b5 cxb5 48. Kxb5 Ke6 49. Kxa4 Kf6 50. Kb5 g6 51. hxg6 Kxg6 52. a4 h5 53. a5 Kf6 54. a6 Ke6 55. a7 1-0

[Event "January 2 Late 2024"]
[Site "https://www.chess.com"]
[Date "2024.01.02"]
[Round "8"]
[White "Hilby, Craig"]
[Black "Reinecke, Katharina"]
[Result "1-0"]
[Board "167"]
[TimeControl "180+1"]
[WhiteFideId "2062674"]
[BlackFideId "12929727"]
[WhiteElo "2601"]
[BlackElo "2020"]
[WhiteTeam "USA"]
[BlackTeam "GER"]
[WhiteClock "0:00:57"]
[BlackClock "0:00:14"]

1. d4 d5 2. Bg5 Nf6 3. Bxf6 gxf6 4. c4 c6 5. Nc3 Be6 6. cxd5 cxd5 7. Qb3 b6 8. Nh3 Bh6 9. g3 O-O 10. Nf4 Bxf4 11. gxf4 Nc6 12. e3 Na5 13. Qd1 Bf5 14. Qh5 Bg6 15. Qf3 e6 16. h4 Kh8 17. h5 Bf5 18. Rg1 Rg8 19. Rg3 Rxg3 20. fxg3 Qg8 21. Be2 h6 22. g4 Bh7 23. Kf2 Nc4 24. Bxc4 dxc4 25. f5 exf5 26. gxf5 Re8 27. e4 Qf8 28. Rg1 Qe7 29. Qf4 Qf8 30. Nd5 Bxf5 31. Qxf5 b5 32. Qxf6+ Kh7 33. Qf5+ Kh8 34. Nf6 Re6 35. Qh7# 1-0

[Event "January 2 Late 2024"]
[Site "https://www.chess.com"]
[Date "2024.01.02"]
[Round "8"]
[White "yujiarun18"]
[Black "Sreyas Payyappat"]
[Result "0-1"]
[Board "168"]
[TimeControl "180+1"]
[BlackFideId "46674969"]
[WhiteElo "2149"]
[BlackElo "2431"]
[BlackTeam "IND"]
[WhiteClock "0:00:16"]
[BlackClock "0:01:22"]

1. e4 c6 2. d4 d5 3. Nc3 dxe4 4. Nxe4 Nf6 5. Nxf6+ exf6 6. c3 Bd6 7. Bd3 O-O 8. Qc2 Re8+ 9. Ne2 h5 10. Be3 Nd7 11. O-O-O Nf8 12. Kb1 Be6 13. a3 a5 14. c4 b5 15. d5 cxd5 16. cxd5 Bxd5 17. Bh7+ Nxh7 18. Rxd5 Re5 19. Rd3 Qe7 20. Rhd1 Rd8 21. Nd4 Rc5 22. Qd2 Qe4 23. f3 Qg6 24. Ka1 Rdc8 25. Nxb5 Be5 26. Nd4 Nf8 27. f4 Rc2 28. Qxa5 Bxd4 29. Bxd4 Rc1+ 30. Rxc1 Rxc1+ 31. Ka2 Qxd3 0-1

[Event "January 2 Late 2024"]
[Site "https://www.chess.com"]
[Date "2024.01.02"]
[Round "8"]
[White "Petersson, Kjell"]
[Black "Piscicelli, Daniel Orlando"]
[Result "1-0"]
[Board "169"]
[TimeControl "180+1"]
[WhiteFideId "1705148"]
[BlackFideId "101958"]
[WhiteElo "2108"]
[BlackElo "2387"]
[WhiteTeam "SWE"]
[BlackTeam "ARG"]
[WhiteClock "0:01:43"]
[BlackClock "0:01:34"]

1. d4 Nf6 2. Bf4 g6 3. Nc3 Bg7 4. e4 O-O 5. Qd2 d5 6. e5 Ne4 7. Nxe4 dxe4 8. O-O-O Bf5 9. Bh6 Nd7 10. h4 c5 11. h5 f6 12. g4 Bxg4 13. hxg6 Bxd1 14. Bxg7 Kxg7 15. Qh6+ Kg8 16. Qxh7# 1-0

[Event "January 2 Late 2024"]
[Site "https://www.chess.com"]
[Date "2024.01.02"]
[Round "8"]
[White "Sanchez Alvares, Kelvin Antonio"]
[Black "De Souza, Arthur Olintho"]
[Result "1-0"]
[Board "170"]
[TimeControl "180+1"]
[WhiteFideId "3906680"]
[BlackFideId "2116200"]
[WhiteElo "2387"]
[BlackElo "2074"]
[WhiteTeam "VEN"]
[BlackTeam "BRA"]
[WhiteClock "0:01:00"]
[BlackClock "0:00:00"]

1. e4 c5 2. Nf3 Nc6 3. d4 cxd4 4. Nxd4 Nf6 5. Nc3 e5 6. Ndb5 d6 7. Bg5 a6 8. Na3 b5 9. Nd5 Be7 10. Bxf6 Bxf6 11. c4 b4 12. Nc2 a5 13. g3 O-O 14. Bg2 Bg5 15. O-O Ne7 16. f4 Nxd5 17. Qxd5 Be6 18. Qd3 exf4 19. gxf4 Qb6+ 20. Kh1 Bf6 21. Rab1 Qc5 22. Ne3 Bd4 23. Nc2 Bf6 24. b3 Bd7 25. Rbd1 Ra6 26. Ne3 Re8 27. Nd5 Bh4 28. f5 f6 29. Qh3 Bg5 30. Qg3 Re5 31. h4 1-0

[Event "January 2 Late 2024"]
[Site "https://www.chess.com"]
[Date "2024.01.02"]
[Round "8"]
[White "Oliveira, Tiago Batista"]
[Black "Kubatko, Ivan"]
[Result "0-1"]
[Board "171"]
[TimeControl "180+1"]
[WhiteFideId "2108291"]
[BlackFideId "24111473"]
[WhiteElo "2026"]
[BlackElo "2326"]
[WhiteTeam "BRA"]
[BlackTeam "RUS"]
[WhiteClock "0:00:00"]
[BlackClock "0:00:08"]

1. d4 Nf6 2. c4 Nc6 3. d5 Ne5 4. Qc2 e6 5. e4 Bc5 6. Be2 d6 7. Nf3 Ng6 8. O-O e5 9. a3 a5 10. Nc3 O-O 11. Rb1 Bd7 12. b4 axb4 13. axb4 Bb6 14. Bg5 h6 15. Bxf6 Qxf6 16. c5 dxc5 17. bxc5 Bxc5 18. Nb5 Bxb5 19. Bxb5 b6 20. Bc6 Ra3 21. Nd2 Bd4 22. Nb3 h5 23. Nxd4 exd4 24. Ra1 Rc3 25. Qb2 Ne5 26. f3 Nd3 27. Qd2 g5 28. Rad1 Kg7 29. g3 Ne5 30. f4 Nc4 31. fxg5 Qe5 32. Qg2 Ne3 33. Qf2 Nxd1 34. Rxd1 Re3 0-1

[Event "January 2 Late 2024"]
[Site "https://www.chess.com"]
[Date "2024.01.02"]
[Round "8"]
[White "Minina, Veronika"]
[Black "Thake, Conrad"]
[Result "1-0"]
[Board "172"]
[TimeControl "180+1"]
[WhiteFideId "4174780"]
[BlackFideId "5602947"]
[WhiteElo "2248"]
[BlackElo "1878"]
[WhiteTeam "RUS"]
[BlackTeam "MLT"]
[WhiteClock "0:01:05"]
[BlackClock "0:00:00"]

1. Nf3 Nf6 2. g3 g6 3. Bg2 Bg7 4. O-O O-O 5. c4 c5 6. Nc3 Nc6 7. d4 cxd4 8. Nxd4 Re8 9. e3 Nxd4 10. Qxd4 d6 11. Qd3 a6 12. b3 Qc7 13. Bd2 Be6 14. Rac1 Rad8 15. e4 Nd7 16. Nd5 Qb8 17. Ba5 b6 18. Bd2 Nc5 19. Qe2 Bxd5 20. cxd5 b5 21. Rc2 Rc8 22. Rfc1 Rc7 23. Ba5 Rcc8 24. Bd2 e6 25. dxe6 fxe6 26. Bf4 Qb6 27. b4 1-0

[Event "January 2 Late 2024"]
[Site "https://www.chess.com"]
[Date "2024.01.02"]
[Round "8"]
[White "Vargas, Mauricio"]
[Black "Guevara Sanchez, Erick Marvin"]
[Result "0-1"]
[Board "173"]
[TimeControl "180+1"]
[WhiteFideId "4404572"]
[BlackFideId "6700136"]
[WhiteElo "1831"]
[BlackElo "2219"]
[WhiteTeam "COL"]
[BlackTeam "ESA"]
[WhiteClock "0:00:00"]
[BlackClock "0:00:36"]

1. e4 e6 2. f4 d5 3. Nc3 dxe4 4. Nxe4 e5 5. fxe5 Nc6 6. Nf3 Bg4 7. Bc4 Nxe5 8. Be2 Bxf3 9. Bxf3 Nf6 10. O-O Nxe4 11. Bxe4 Qd4+ 12. Kh1 Qxe4 13. Re1 Qd5 14. d4 O-O-O 15. Rxe5 Qxe5 16. Qg4+ Qe6 17. Qxe6+ fxe6 18. Be3 Be7 19. Re1 Bf6 20. c3 Rhe8 21. Bf4 e5 22. dxe5 Bxe5 23. Bxe5 Rd5 24. h3 Rdxe5 25. Rf1 Re2 26. b4 Rxa2 27. Rf7 Rg8 28. Kh2 Rc2 29. Rf3 b6 30. Kg3 Rf8 31. Rxf8+ Kb7 32. Rf3 a5 33. bxa5 bxa5 34. Kf4 a4 35. Ke4 Rxg2 36. c4 Rg6 37. Ra3 Ra6 38. Kd4 Kc6 39. Kc3 Kc5 40. Ra2 a3 41. h4 Rg6 42. Kb3 Rg3+ 43. Ka4 Kxc4 44. Rc2+ Rc3 45. Ra2 h6 46. h5 Rh3 47. Rc2+ Rc3 48. Ra2 Kd3 49. Rh2 Ke4 50. Ra2 Kf5 51. Rg2 c5 52. Rf2+ Kg5 0-1

[Event "January 2 Late 2024"]
[Site "https://www.chess.com"]
[Date "2024.01.02"]
[Round "8"]
[White "Jose Iraeta, Alejandro"]
[Black "Gulamirian, Korun"]
[Result "1-0"]
[Board "174"]
[TimeControl "180+1"]
[WhiteFideId "2226537"]
[BlackFideId "4144899"]
[WhiteElo "2203"]
[BlackElo "1601"]
[WhiteTeam "ESP"]
[BlackTeam "RUS"]
[WhiteClock "0:00:47"]
[BlackClock "0:00:00"]

1. e4 e5 2. Nf3 Nc6 3. Bb5 a6 4. Ba4 Nf6 5. O-O Be7 6. d3 d6 7. h3 b5 8. Bb3 O-O 9. c3 Be6 10. Bc2 Qd7 11. Re1 Bxh3 12. gxh3 Qxh3 13. Nh2 h5 14. Qf3 Qe6 15. Nd2 g6 16. Ndf1 Kg7 17. Be3 Rh8 18. Bb3 Qd7 19. d4 Na5 20. Bc2 Ng4 21. b3 Rh7 22. Rad1 Qe6 23. d5 Qd7 24. Ng3 Rah8 25. Ngf1 Nb7 26. Bd2 Nd8 27. Ne3 Nxh2 28. Kxh2 f6 29. Rg1 Kf7 30. Ng2 Qg4 31. Qd3 f5 32. exf5 g5 33. f6 Bxf6 34. Qg6+ Ke7 35. f3 Qd7 36. Ne3 Nf7 37. Nf5+ Ke8 38. Qxf6 1-0

[Event "January 2 Late 2024"]
[Site "https://www.chess.com"]
[Date "2024.01.02"]
[Round "8"]
[White "Sarquis, Maria Belen"]
[Black "Winkels, Marcel"]
[Result "1-0"]
[Board "175"]
[TimeControl "180+1"]
[WhiteFideId "111805"]
[BlackFideId "1003887"]
[WhiteElo "2195"]
[BlackElo "1998"]
[WhiteTeam "ARG"]
[BlackTeam "NED"]
[WhiteClock "0:00:22"]
[BlackClock "0:00:00"]

1. e4 c5 2. Nf3 e6 3. d3 Nc6 4. g3 d6 5. Bg2 Nf6 6. O-O Be7 7. c3 O-O 8. Re1 e5 9. h3 h6 10. d4 cxd4 11. cxd4 Bd7 12. Nc3 a6 13. Be3 b5 14. dxe5 dxe5 15. Nd5 Be6 16. Bb6 Qd7 17. Nc7 Rab8 18. Nxe6 Qxe6 19. Be3 Rfd8 20. Qe2 Nxe4 21. a4 Nd6 22. axb5 axb5 23. Rac1 Na5 24. Ba7 Rb7 25. Bc5 Rbb8 26. Nxe5 Nac4 27. Nxc4 Qxe2 28. Rxe2 Nxc4 29. Bxe7 Re8 30. Rce1 f6 31. Bd5+ Kh8 32. Bxc4 bxc4 33. Ba3 Red8 34. Re7 Kh7 35. Rc7 Rd4 36. Ree7 Rg8 37. Rcd7 Rxd7 38. Rxd7 Ra8 39. Rc7 Ra4 40. Bf8 Kg6 41. Rxg7+ Kf5 42. Rc7 Ke4 43. Bxh6 Kf3 44. Be3 Ra1+ 45. Kh2 Rb1 46. Rxc4 Rxb2 47. Rf4+ Ke2 48. Rxf6 Kf1 49. h4 1-0

[Event "January 2 Late 2024"]
[Site "https://www.chess.com"]
[Date "2024.01.02"]
[Round "9"]
[White "Le, Tuan Minh"]
[Black "Nakamura, Hikaru"]
[Result "0-1"]
[Board "1"]
[TimeControl "180+1"]
[WhiteFideId "12401153"]
[BlackFideId "2016192"]
[WhiteElo "3036"]
[BlackElo "3280"]
[WhiteTeam "VIE"]
[BlackTeam "USA"]
[WhiteClock "0:00:00"]
[BlackClock "0:00:09"]

1. d4 g6 2. e4 Bg7 3. Nf3 d5 4. exd5 Qxd5 5. Be2 Nf6 6. O-O O-O 7. c4 Qd6 8. h3 b6 9. Nc3 Bb7 10. Be3 a6 11. Qc2 e6 12. Rac1 Nbd7 13. Rfd1 Qe7 14. a3 c5 15. dxc5 bxc5 16. b4 Rfc8 17. Qb3 Ne8 18. Na4 cxb4 19. axb4 Rab8 20. Rxd7 Qxd7 21. Nb6 Qc7 22. Nxc8 Rxc8 23. b5 axb5 24. cxb5 Qb8 25. Rxc8 Qxc8 26. b6 Nd6 27. Qb4 Ne4 28. Nd4 Bf8 29. Qb2 Nd6 30. Qb3 Bd5 31. Qc2 Qb7 32. Nf3 Nf5 33. Qd2 Nxe3 34. Qxe3 Be7 35. Ne1 Bd8 36. Bf3 Bxf3 37. Nxf3 Bxb6 38. Qe2 Qc7 39. Nh2 h5 40. Nf1 h4 41. Qg4 Qe7 42. Nd2 Qf6 43. Qe2 Qb2 44. Qd1 Qa2 45. Ne4 Kg7 46. Qe1 Bd4 47. Ng5 Bf6 48. Nf3 Qd5 49. Nh2 Bd4 50. Nf3 Bf6 51. Nh2 Qc4 52. Nf3 g5 53. Nh2 Qc3 54. Qd1 Qa1 55. Qxa1 Bxa1 56. Kf1 f5 57. Ke2 e5 58. Nf3 Kf6 59. Nd2 Bc3 60. Nc4 Bb4 61. f3 Ke6 62. Ne3 Bc5 63. Nc4 Kd5 64. Nd2 Bb6 65. Nb3 e4 66. fxe4+ Kxe4 67. Nd2+ Kf4 68. Nf3 Kg3 69. Kf1 Be3 70. Ne5 Kf4 71. Nd3+ Ke4 72. Ke2 g4 73. hxg4 fxg4 74. Ne1 Kf4 75. Nd3+ Ke4 76. Ne1 Bb6 77. Kf1 Ke3 78. Nc2+ Kf4 79. Nb4 Kg3 80. Nd5 h3 81. gxh3 gxh3 0-1

[Event "January 2 Late 2024"]
[Site "https://www.chess.com"]
[Date "2024.01.02"]
[Round "9"]
[White "Caruana, Fabiano"]
[Black "Radjabov, Teimour"]
[Result "1-0"]
[Board "2"]
[TimeControl "180+1"]
[WhiteFideId "2020009"]
[BlackFideId "13400924"]
[WhiteElo "3065"]
[BlackElo "3043"]
[WhiteTeam "USA"]
[BlackTeam "AZE"]
[WhiteClock "0:00:05"]
[BlackClock "0:00:00"]

1. d4 d5 2. c4 e6 3. Nc3 Nf6 4. cxd5 exd5 5. Bg5 c6 6. Qc2 Be7 7. e3 h6 8. Bh4 O-O 9. Bd3 Re8 10. Nge2 Nbd7 11. O-O a5 12. a4 Nh5 13. Bxe7 Qxe7 14. Rae1 Nf8 15. Nc1 Qg5 16. f4 Qd8 17. Nb3 Nf6 18. h3 b6 19. Nd2 c5 20. Bb5 Bd7 21. Nf3 Bxb5 22. axb5 Rc8 23. Ne5 Qd6 24. Qd2 Ne6 25. Nc6 Nc7 26. dxc5 Qxc5 27. Nd4 Qb4 28. Rc1 Qd6 29. Rfd1 Qe7 30. Qf2 Qf8 31. Rc2 Ne6 32. Nc6 Nc7 33. Qe2 Ra8 34. Na4 Nd7 35. Nd4 Ne6 36. Nxe6 fxe6 37. Rc6 Rab8 38. Qd2 Qb4 39. Qxb4 axb4 40. e4 Nf6 41. e5 Ne4 42. Nxb6 Rb7 43. Ra1 d4 44. Rd1 Rd8 45. Kf1 d3 46. Ke1 d2+ 47. Ke2 g5 48. Ke3 Ng3 49. fxg5 hxg5 50. Nc4 Nf5+ 51. Kf2 Rxb5 52. Rxd2 Rxd2+ 53. Nxd2 Rxe5 54. Nf3 Rd5 55. Nxg5 Nd4 56. Ra6 Rxg5 57. Rd6 e5 58. Rd5 Kf7 59. g4 Ke6 60. Ra5 Rg8 61. Kg3 b3 62. h4 Rc8 63. Ra6+ Kd5 64. h5 1-0

[Event "January 2 Late 2024"]
[Site "https://www.chess.com"]
[Date "2024.01.02"]
[Round "9"]
[White "Sarana, Alexey"]
[Black "Xiong, Jeffery"]
[Result "1-0"]
[Board "3"]
[TimeControl "180+1"]
[WhiteFideId "24133795"]
[BlackFideId "2047640"]
[WhiteElo "3025"]
[BlackElo "3030"]
[WhiteTeam "SRB"]
[BlackTeam "USA"]
[WhiteClock "0:01:11"]
[BlackClock "0:00:50"]

1. d4 Nf6 2. c4 e6 3. Nc3 Bb4 4. e3 O-O 5. Bd3 d5 6. Nf3 dxc4 7. Bxc4 c5 8. O-O Nc6 9. a3 Ba5 10. h3 h6 11. Qd3 cxd4 12. exd4 Ne7 13. Ne5 Bd7 14. Ne4 Nxe4 15. Qxe4 Bc6 16. Nxc6 bxc6 17. Bd3 Ng6 18. Be3 Qd5 19. Rfc1 Rfc8 20. Rc5 Qd8 21. Rxc6 Bb6 22. Rac1 Rxc6 23. Rxc6 Rc8 24. Rxc8 Qxc8 25. h4 Qd8 26. h5 Nf8 27. b4 f5 28. Qe5 Bc7 29. Qc5 Bb6 30. Qc4 Qf6 31. g3 Qf7 32. a4 Qxh5 33. a5 Bd8 34. d5 f4 35. dxe6 1-0

[Event "January 2 Late 2024"]
[Site "https://www.chess.com"]
[Date "2024.01.02"]
[Round "9"]
[White "Bortnyk, Olexandr"]
[Black "Nihal Sarin"]
[Result "0-1"]
[Board "4"]
[TimeControl "180+1"]
[WhiteFideId "14120828"]
[BlackFideId "25092340"]
[WhiteElo "3019"]
[BlackElo "3203"]
[WhiteTeam "UKR"]
[BlackTeam "IND"]
[WhiteClock "0:00:02"]
[BlackClock "0:00:05"]

1. e4 c5 2. c3 Qa5 3. Nf3 g6 4. Bc4 Bg7 5. O-O e6 6. d4 cxd4 7. cxd4 Ne7 8. Bg5 h6 9. Bxe7 Kxe7 10. Nc3 d6 11. Rc1 Bd7 12. Re1 Rc8 13. Bb3 Na6 14. Qd2 Kf8 15. h4 Rc7 16. Qf4 Qb4 17. e5 d5 18. Bxd5 exd5 19. e6 Bxe6 20. Rxe6 Qxb2 21. Rce1 Qxc3 22. Rxg6 Rc6 23. h5 Rxg6 24. hxg6 Qc7 25. Ne5 f6 26. Qf5 Rd8 27. Ng4 Qd7 28. Re6 Nc7 29. Rxf6+ Kg8 30. Qf4 Ne6 31. Nxh6+ Bxh6 32. Qxh6 Qg7 33. Qh4 Re8 34. g3 Nf8 35. Qg5 Re6 36. Rxe6 Nxe6 37. Qxd5 Qxg6 38. Qxb7 Qf7 39. Qb8+ Kh7 40. d5 Ng5 41. Qb1+ Kg7 42. Qb2+ Kg6 43. Qc2+ Qf5 44. Qc6+ Kh5 45. d6 Nf3+ 46. Kg2 Ne5 47. Qd5 Kg6 48. a4 Nd7 49. Qb7 a5 50. Qc6 Kf6 51. Kg1 Ke6 52. Kg2 Qd5+ 53. Qxd5+ Kxd5 54. f4 Kxd6 55. g4 Nc5 56. Kf3 Nxa4 57. Ke4 Nc5+ 58. Kd4 Ne6+ 59. Kc4 Kc6 60. f5 Ng5 61. f6 Nf7 62. Kd4 Kb5 63. Kd5 a4 64. Ke6 Ng5+ 65. Kf5 Nh7 66. g5 a3 67. f7 a2 68. g6 a1=Q 69. gxh7 Qg7 70. Ke6 Kc6 71. Ke7 Qe5+ 72. Kf8 Qh8+ 73. Ke7 Qxh7 74. Ke8 Qg7 75. f8=Q Qd7# 0-1

[Event "January 2 Late 2024"]
[Site "https://www.chess.com"]
[Date "2024.01.02"]
[Round "9"]
[White "Kollars, Dmitrij"]
[Black "Naroditsky, Daniel"]
[Result "1/2-1/2"]
[Board "5"]
[TimeControl "180+1"]
[WhiteFideId "12909572"]
[BlackFideId "2026961"]
[WhiteElo "3009"]
[BlackElo "3145"]
[WhiteTeam "GER"]
[BlackTeam "USA"]
[WhiteClock "0:00:11"]
[BlackClock "0:00:30"]

1. e4 Nf6 2. e5 Nd5 3. d4 d6 4. c4 Nb6 5. f4 dxe5 6. fxe5 Bf5 7. Nf3 e6 8. Nc3 Bb4 9. Be3 c5 10. a3 Bxc3+ 11. bxc3 O-O 12. Be2 Nc6 13. O-O Na5 14. Nd2 Bg6 15. Bf2 Qd7 16. Nb3 Nxb3 17. Qxb3 Qa4 18. Qb5 Qxb5 19. cxb5 cxd4 20. Bxd4 Be4 21. a4 Rfc8 22. a5 Nc4 23. Rf4 Bd5 24. Raf1 Rc7 25. R1f2 Nxa5 26. Bxa7 Rxc3 27. Rxf7 Rc1+ 28. Bf1 Bc4 29. Be3 Rxf1+ 30. Rxf1 Bxf1 31. Rxf1 Nc4 32. Bd4 Rd8 33. Bc3 Rd5 34. Rf4 Nb6 35. Bb4 Rd1+ 36. Kf2 Rd8 37. Bd6 1/2-1/2

[Event "January 2 Late 2024"]
[Site "https://www.chess.com"]
[Date "2024.01.02"]
[Round "9"]
[White "Anton Guijarro, David"]
[Black "Nepomniachtchi, Ian"]
[Result "1-0"]
[Board "6"]
[TimeControl "180+1"]
[WhiteFideId "2285525"]
[BlackFideId "4168119"]
[WhiteElo "2987"]
[BlackElo "3124"]
[WhiteTeam "ESP"]
[BlackTeam "RUS"]
[WhiteClock "0:00:07"]
[BlackClock "0:00:00"]

1. Nf3 c5 2. b3 d6 3. Bb2 e5 4. c4 Nf6 5. d3 Nc6 6. g3 g6 7. Bg2 Bg7 8. O-O O-O 9. e3 h6 10. Nc3 Be6 11. Rc1 Qd7 12. a3 Rad8 13. Qc2 b6 14. e4 Nh7 15. Nd5 f5 16. Nh4 Bf7 17. exf5 gxf5 18. f4 exf4 19. Bxg7 Kxg7 20. Qb2+ Nd4 21. Rxf4 Bxd5 22. Bxd5 Ng5 23. Kh1 Rde8 24. Rf2 Re5 25. Rcf1 Nh3 26. Rd2 Qe7 27. Bg2 Ng5 28. Rdf2 Kh7 29. b4 Re1 30. Qd2 Rxf1+ 31. Rxf1 Qe5 32. Bd5 Re8 33. Qf2 Nh3 34. Qg2 Ng5 35. Qf2 Kh8 36. Nxf5 Rf8 37. g4 Nxf5 38. gxf5 Nh7 39. Qg2 Qg7 40. Qxg7+ Kxg7 41. Rg1+ Kf6 42. Rg6+ Kxf5 43. Rxd6 Nf6 44. bxc5 bxc5 45. Ra6 Rb8 46. Kg2 Rb2+ 47. Kh3 Nh5 48. Be4+ Ke5 49. Rxh6 Nf4+ 50. Kg3 a5 51. Ra6 Ne2+ 52. Kg4 Nc3 53. h4 Nxe4 54. dxe4 Kxe4 55. h5 Kd4 56. Rxa5 Kxc4 57. h6 Rh2 58. Kg5 Rg2+ 59. Kf6 Rf2+ 60. Kg7 Rg2+ 61. Kh8 Kd4 62. Ra7 c4 63. Rd7+ Ke3 64. Rg7 Rh2 65. h7 c3 66. Rc7 Kd2 67. Kg8 Rg2+ 68. Rg7 Re2 69. h8=Q Re8+ 70. Kh7 Rxh8+ 71. Kxh8 Kc2 72. Rc7 Kb3 73. a4 Kxa4 74. Rxc3 Kb4 75. Rc7 1-0

[Event "January 2 Late 2024"]
[Site "https://www.chess.com"]
[Date "2024.01.02"]
[Round "9"]
[White "Salem, A.R. Saleh"]
[Black "Paravyan, David"]
[Result "0-1"]
[Board "7"]
[TimeControl "180+1"]
[WhiteFideId "9301348"]
[BlackFideId "4194985"]
[WhiteElo "2984"]
[BlackElo "3110"]
[WhiteTeam "UAE"]
[BlackTeam "FID"]
[WhiteClock "0:00:00"]
[BlackClock "0:00:06"]

1. d4 d5 2. c4 dxc4 3. Nf3 Nf6 4. e3 e6 5. Bxc4 c5 6. O-O Nc6 7. Qe2 a6 8. Rd1 b5 9. dxc5 Qc7 10. Bd3 Bxc5 11. a4 Bb7 12. axb5 axb5 13. Rxa8+ Bxa8 14. Bxb5 O-O 15. Nc3 Ne5 16. Nxe5 Qxe5 17. Bd3 Rb8 18. h3 g6 19. Qc2 Rd8 20. Bf1 Rb8 21. Qa4 Bd6 22. Qf4 Qxf4 23. exf4 Bc5 24. Be3 Bxe3 25. fxe3 Kg7 26. Rd2 h6 27. Kf2 g5 28. g3 Rb4 29. Bg2 Bxg2 30. Kxg2 Ng8 31. Kf3 Ne7 32. e4 Nc6 33. Ke3 Na5 34. Rc2 Nc4+ 35. Kf3 Nxb2 36. e5 Nd3 0-1

[Event "January 2 Late 2024"]
[Site "https://www.chess.com"]
[Date "2024.01.02"]
[Round "9"]
[White "Oparin, Grigoriy"]
[Black "Rasulov, Vugar"]
[Result "1-0"]
[Board "8"]
[TimeControl "180+1"]
[WhiteFideId "24125890"]
[BlackFideId "13402390"]
[WhiteElo "3053"]
[BlackElo "2974"]
[WhiteTeam "USA"]
[BlackTeam "AZE"]
[WhiteClock "0:00:42"]
[BlackClock "0:00:00"]

1. Nf3 Nf6 2. c4 e6 3. g3 d5 4. Bg2 d4 5. O-O Nc6 6. e3 Bc5 7. b4 Bxb4 8. Nxd4 Bd7 9. Bb2 O-O 10. Nc2 Be7 11. d4 Na5 12. Nd2 c5 13. d5 exd5 14. cxd5 Bb5 15. e4 Bxf1 16. Qxf1 c4 17. Nxc4 Nxc4 18. Qxc4 Rc8 19. Qd3 Bc5 20. Nd4 Ng4 21. h3 Ne5 22. Qe2 Re8 23. Kh2 Bb6 24. Rd1 g6 25. Ba1 Nc4 26. f4 Bxd4 27. Rxd4 b5 28. e5 Qb6 29. h4 Rcd8 30. h5 Qc5 31. Qe4 Qa3 32. e6 Qxa2 33. Rxc4 Qxa1 34. Rc7 f5 35. Qe3 Qf6 36. Qxa7 b4 37. h6 Kf8 38. Rf7+ 1-0

[Event "January 2 Late 2024"]
[Site "https://www.chess.com"]
[Date "2024.01.02"]
[Round "9"]
[White "Szpar, Milosz"]
[Black "Bluebaum, Matthias"]
[Result "0-1"]
[Board "9"]
[TimeControl "180+1"]
[WhiteFideId "1184989"]
[BlackFideId "24651516"]
[WhiteElo "2886"]
[BlackElo "3028"]
[WhiteTeam "POL"]
[BlackTeam "GER"]
[WhiteClock "0:00:00"]
[BlackClock "0:00:05"]

1. e4 e6 2. d4 d5 3. Nc3 Nf6 4. Bg5 dxe4 5. Nxe4 Be7 6. Bxf6 Bxf6 7. Nf3 O-O 8. Qd2 Be7 9. Bd3 Nc6 10. h4 Nxd4 11. Nxd4 Qxd4 12. Ng5 Qe5+ 13. Kf1 h6 14. Re1 Qxb2 15. Qf4 Bd7 16. Rh3 Bd6 17. Qe3 Qb6 18. Qf3 Qc5 19. Ne4 Qf5 20. Qe2 Qa5 21. Qe3 f5 22. Nd2 Rae8 23. Nc4 Qc5 24. Qxc5 Bxc5 25. Ne5 Bc8 26. Bc4 Bd6 27. Ng6 Rf6 28. h5 Kh7 29. f4 Bd7 30. Rhe3 a5 31. a4 Bxa4 32. g3 Bd7 33. Kg2 b5 34. Bd3 Rb8 35. g4 a4 36. Ne5 Bxe5 37. Rxe5 a3 38. g5 hxg5 39. fxg5 Rff8 40. Rc5 c6 41. Kf3 Ra8 42. Kf4 a2 43. Ra1 Ra4+ 44. Ke5 Kg8 45. g6 Rh4 46. Kd6 Be8 47. Kxe6 Rxh5 48. Bxf5 Bxg6 49. Bxg6 Rf6+ 50. Ke7 Rxc5 51. Be4 Re5+ 0-1

[Event "January 2 Late 2024"]
[Site "https://www.chess.com"]
[Date "2024.01.02"]
[Round "9"]
[White "Kadric, Denis"]
[Black "Duda, Jan-Krzysztof"]
[Result "1-0"]
[Board "10"]
[TimeControl "180+1"]
[WhiteFideId "14403803"]
[BlackFideId "1170546"]
[WhiteElo "2851"]
[BlackElo "3045"]
[WhiteTeam "MNE"]
[BlackTeam "POL"]
[WhiteClock "0:00:17"]
[BlackClock "0:00:01"]

1. e4 c5 2. Nc3 d6 3. f4 g6 4. Nf3 Bg7 5. Bb5+ Bd7 6. Bc4 Nc6 7. d3 Na5 8. Bd2 e6 9. Qe2 Ne7 10. a3 a6 11. Ba2 Nac6 12. h4 Nd4 13. Nxd4 cxd4 14. Nd1 Rc8 15. Rc1 h5 16. g4 hxg4 17. Qxg4 Rh5 18. Nf2 Qb6 19. Bb3 a5 20. a4 d5 21. Qf3 Qa6 22. Rg1 Bf6 23. Ng4 Bxh4+ 24. Kd1 dxe4 25. dxe4 b5 26. axb5 Bxb5 27. Ne5 a4 28. Ba2 a3 29. bxa3 Rxe5 30. fxe5 d3 31. cxd3 Bxd3 32. Rxc8+ Nxc8 33. Bb3 Qb6 34. Ba4+ Kf8 35. Bh6+ Ke7 36. Rg4 Qb1+ 37. Bc1 Nb6 38. Rxh4 Nxa4 39. Qf6+ Kd7 40. Qxf7+ Kc6 41. Qe8+ Kc5 42. Qxa4 Qa2 43. Qb4+ Kc6 44. Qd6+ Kb7 45. Qxd3 Qf2 46. Rh7+ 1-0

[Event "January 2 Late 2024"]
[Site "https://www.chess.com"]
[Date "2024.01.02"]
[Round "9"]
[White "Pranav, V"]
[Black "Kukhmazov, Arsen"]
[Result "1-0"]
[Board "11"]
[TimeControl "180+1"]
[WhiteFideId "25060783"]
[BlackFideId "24108260"]
[WhiteElo "3031"]
[BlackElo "2874"]
[WhiteTeam "IND"]
[BlackTeam "FID"]
[WhiteClock "0:01:24"]
[BlackClock "0:00:00"]

1. e4 c6 2. d4 d5 3. e5 Bf5 4. Nf3 e6 5. Be2 c5 6. O-O Nc6 7. c3 Bg6 8. Be3 cxd4 9. cxd4 Nge7 10. Nc3 Nf5 11. Rc1 Be7 12. Bf4 Bh5 13. Be3 O-O 14. h3 Bxf3 15. Bxf3 Bg5 16. Qd3 Bxe3 17. fxe3 Qg5 18. Rce1 Rad8 19. a3 g6 20. Rf2 h5 21. Bd1 Kg7 22. Ba4 Nce7 23. Qe2 a6 24. Bc2 Rh8 25. Qf3 Qg3 26. Qe2 h4 27. Rf4 Qg5 28. Rg4 Qh5 29. Qf2 Kf8 30. Ne2 Nh6 31. Rxh4 Qg5 32. Rf1 Rh7 33. Rf4 Kg8 34. h4 Qh5 35. Ng3 1-0

[Event "January 2 Late 2024"]
[Site "https://www.chess.com"]
[Date "2024.01.02"]
[Round "9"]
[White "Fedoseev, Vladimir"]
[Black "Melkumyan, Hrant"]
[Result "0-1"]
[Board "12"]
[TimeControl "180+1"]
[WhiteFideId "24130737"]
[BlackFideId "13302485"]
[WhiteElo "3015"]
[BlackElo "2887"]
[WhiteTeam "SLO"]
[BlackTeam "ARM"]
[WhiteClock "0:00:08"]
[BlackClock "0:00:12"]

1. Nf3 d5 2. g3 Bg4 3. Bg2 c6 4. O-O e6 5. d3 Nd7 6. Nbd2 Bd6 7. e4 Ne7 8. Qe1 O-O 9. h3 Bh5 10. a3 a5 11. b3 b5 12. Bb2 h6 13. Nd4 Qb6 14. exd5 exd5 15. Ne6 fxe6 16. Qxe6+ Rf7 17. Qxd6 Nf5 18. Qe6 Nxg3 19. Bf3 Bxf3 20. Nxf3 Nxf1 21. Rxf1 Nf8 22. Qg4 Re8 23. Nh4 Qc7 24. Nf5 Kh7 25. Ne3 Qf4 26. Qg2 Ng6 27. Bc1 Nh4 28. Qg4 Nf3+ 0-1